 Dungeon Crawl Stone Soup version 0.29-a0-284-gf9362112df (webtiles) character file.

Game seed: 14536628771444736223

4258 spaghetti the Basher (level 10, -4/71 (73) HPs)
             Began as a Demonspawn Berserker on Mar 20, 2022.
             Was a Priest of Trog.
             Killed by vampiric draining
             ... invoked by a vampire
              (15 damage)
             ... on level 9 of the Dungeon.
             The game lasted 00:15:14 (10554 turns).

spaghetti the Basher (Demonspawn Berserker)        Turns: 10554, Time: 00:15:15

HP:   -4/71 (73)    AC:  5    Str: 19    XL:     10   Next: 10%
MP:   10/10         EV: 21    Int: 11    God:    Trog [***...]
Gold: 444           SH:  4    Dex: 26    Spells: 9/9 levels left

rFire   + . .      SeeInvis +   r - +2 whip (venom) {mace}
rCold   + . .      Faith    .   (no shield)
rNeg    . . .      Spirit   .   a - +0 animal skin
rPois   +          Reflect  .   (helmet unavailable)
rElec   +          Harm     .   o - +2 cloak of Wu Jian, Cursing {Dex+3 SInv}
rCorr   +          Rampage  .   (no gloves)
Will    ++...                   (no boots)
Stlth   ++........              (no amulet)
HPRegen 1.21/turn               j - +4 ring of evasion
MPRegen 0.12/turn               C - +6 ring of dexterity

@: resistant, strong-willed, on berserk cooldown, attractive, regenerating,
slowed, studying Dodging, lightly drained, very slow
A: antennae 3, big brain 1, condensation shield, strong 1
a: Renounce Religion, Berserk, Trog's Hand


You were on level 9 of the Dungeon.
You worshipped Trog.
Trog was most pleased with you.
You visited 1 branch of the dungeon, and saw 9 of its levels.
You also visited: Ossuary.

You collected 444 gold pieces.


Innate Abilities, Weirdness & Mutations

You have a pair of large antennae on your head. (SInv)
You have an unusually large brain. (Int +2)
A meltable shield of frost defends you. (SH +4)
Your muscles are strong. (Str +2)


   Skills:
 - Level 4.3 Fighting
 - Level 12.0 Maces & Flails
 - Level 1.7 Armour
 + Level 5.5 Dodging
 - Level 2.6 Unarmed Combat


You had 9 spell levels left.
You didn't know any spells.
Your spell library contained the following spells:

 Spells                   Type           Power      Damage    Failure   Level
 Beastly Appendage        Tmut           0%         N/A       34%         1
 Magic Dart               Conj           0%         1d3       34%         1
 Call Imp                 Summ           0%         N/A       47%         2
 Ensorcelled Hibernation  Hex/Ice        0%         N/A       47%         2
 Wereblood                Tmut           0%         N/A       47%         2
 Ignite Poison            Fire/Tmut/Pois 0%         N/A       71%         3
 Mephitic Cloud           Conj/Pois/Air  0%         N/A       71%         3
 Spider Form              Tmut/Pois      0%         N/A       71%         3
 Anguish                  Hex/Necr       0%         N/A       98%         4
 Freezing Cloud           Conj/Ice/Air   0%         6-21      100%        5

Inventory:

Hand Weapons
 i - a +0 morningstar {mace}
   (You took it off a wight on level 8 of the Dungeon)
 r - a +2 whip of venom (weapon) {mace}
   (You took it off a kobold on level 2 of the Dungeon)
 J - a +0 bardiche {polearm}
   (You found it on level 8 of the Dungeon)
 K - a +3 mace of freezing {mace}
   (You took it off a wight on level 8 of the Dungeon)
Missiles
 d - 290 stones (quivered) {throwing}
 f - 9 poisoned darts {throwing}
 I - a curare-tipped dart {=fthrowing}
Armour
 a - a +0 animal skin (worn)
 g - the +1 robe "Isiapi" {rC- Int+7 SInv}
   (You took it off a goblin on level 3 of the Dungeon)

   Int:       It affects your intelligence (+7).
   rC:        It makes you vulnerable to cold.
   SInv:      It lets you see invisible.
 o - the +2 cloak of Wu Jian, Cursing (worn) {Dex+3 SInv}
   (You found it on level 2 of the Dungeon)

   Dex:       It affects your dexterity (+3).
   SInv:      It lets you see invisible.
Magical Staves
 l - a staff of poison {forbidden!astaff}
   (You found it on level 5 of the Dungeon)
 H - a staff of air {forbidden!astaff}
   (You found it on level 6 of the Dungeon)
Jewellery
 j - a +4 ring of evasion (left hand)
   (You found it on level 3 of the Dungeon)
 p - a +6 ring of intelligence
   (You found it in an ossuary)
 w - a +6 ring of intelligence
   (You found it on level 4 of the Dungeon)
 C - a +6 ring of dexterity (right hand)
   (You found it on level 6 of the Dungeon)
 E - a ring of poison resistance
   (You found it on level 6 of the Dungeon)
 G - a ring of see invisible
   (You found it on level 6 of the Dungeon)
Wands
 A - a wand of acid (1)
   (You found it on level 6 of the Dungeon)
 D - a wand of polymorph (8)
   (You found it on level 6 of the Dungeon)
Scrolls
 b - 5 scrolls of teleportation {@r4}
 c - a scroll of immolation {!r!r}
 m - a scroll of blinking {!r}
 n - a scroll of fog
 s - 3 scrolls of enchant armour
 t - 2 scrolls of identify {@r1}
 u - a scroll of fear
 y - 2 scrolls of enchant weapon
Potions
 e - 2 potions of might
 h - a potion of curing {@q1}
 k - a potion of degeneration {!q@e2}
 q - a potion of attraction {!q}
 x - a potion of resistance
 F - a potion of mutation {!q}

Dungeon Overview and Level Annotations

Branches:
Dungeon (9/15)             Temple (0/1) D:7         Ossuary (visited)
   Lair: D:8-11         Orc: D:9-12

Altars:
Hepliaklqana
Makhleb
Sif Muna
Wu Jian
Zin

Shops:
D:3

:*? ***##* ,,,..* **************
***#.* *,,,,,,,,,,,,* * ####.#*
*,**********,* ******
......*****,* *####*,* *,,,,,
,.....,,,,,,* ##...##,* *,****
***#..##########@....#.*** *,* *,
***#..<.........V.......,***,* *,
.....##########.........,,,,,***,
####** #.......#.,,,,,,,,,
##.....##,,******** ##.$..#*,,***
* ********#..)..,,,,*** * **
*,,,,,,,,.#...,,,,,,* * ,*
*,*******.####,,*,*,****


You could see a vampire (corroded).


Message History

You feel yourself slow down. The vampire hits you.
* * * LOW HITPOINT WARNING * * *
The vampire bites you.
* * * LOW HITPOINT WARNING * * *
The vampire draws strength from your injuries! 😨 HP[-28]
You now have 71 max hp (-35).
You hit the vampire. The vampire closely misses you. The vampire misses you.
You are too confused!
Okay, then.
It was a potion of attraction.
You feel attractive to monsters. The vampire barely misses you.
The vampire closely misses you.
It was a potion of heal wounds.
You feel much better.
You feel less confused. The vampire barely misses you.
You block the vampire's attack. The vampire barely misses you.
The vampire bites you.
The vampire draws strength from your injuries! 😮 HP[+17]
You regained 17 hp, and now have 47/71 hp.
It was a potion of resistance.
You feel protected. The vampire closely misses you.
The vampire misses you. 😮 HP[+1] Unknown command.
You hit the vampire but do no damage. The vampire completely misses you.
The vampire bites you but does no damage.
You closely miss the vampire. The vampire barely misses you.
The vampire misses you.
Okay, then.
Okay, then.
Your skin crawls.
You feel strong-willed. The vampire completely misses you.
The vampire bites you.
The vampire draws strength from your injuries!
Unknown command.
You barely miss the vampire. The vampire hits you! The vampire bites you.
* * * LOW HITPOINT WARNING * * *
The vampire draws strength from your injuries! 😨 HP[-14]
You take 14 damage, and now have 34/71 hp.
As you read the scroll labelled WAKLUPI UCSAI, it crumbles to dust.
You feel aware of your surroundings.
You sensed 4 altars.
It was a scroll of magic mapping.
The vampire completely misses you. The vampire bites you!
* * * LOW HITPOINT WARNING * * *
The vampire draws strength from your injuries! 😨 HP[-7]
You take 7 damage, and now have 27/71 hp.
Okay, then.
This is a scroll of acquirement!
You see here a manual of Dodging.
Something appears at your feet! The vampire misses you.
The vampire closely misses you. The vampire barely misses you.
The vampire misses you. 😨 HP[+1]
You pick up a manual of Dodging {!d} and begin studying.
The vampire hits you!
* * * LOW HITPOINT WARNING * * *
You block the vampire's attack. 😨 HP[-7]
You take 7 damage, and now have 21/71 hp.
Aiming: Corrosive Bolt
Press: ? - help, Shift-Dir - straight line, f - vampire
Aim: a vampire (slightly transparent, 71% to hit)
The bolt of acid hits the vampire!
The acid corrodes the vampire!
You block the vampire's attack. The vampire completely misses you. x2
You block the vampire's attack. 😨 HP[+2]
You regained 2 hp, and now have 23/71 hp.
Aiming: Corrosive Bolt
Press: ? - help, Shift-Dir - straight line, f/p - vampire
Aim: a vampire (moderately damaged, slightly transparent, covered in acid, 71% to hit)
The bolt of acid hits the vampire!
The vampire seems to be corroded for longer.
The vampire completely misses you. The vampire bites you.
* * * LOW HITPOINT WARNING * * *
The vampire draws strength from your injuries! 😨 HP[-1]
You take 1 damage, and now have 22/71 hp.
Aiming: Corrosive Bolt
Press: ? - help, Shift-Dir - straight line, f/p - vampire
Aim: a vampire (heavily damaged, slightly transparent, covered in acid, 71% to hit)
The bolt of acid hits the vampire!
The vampire seems to be corroded for longer.
The vampire draws life force from you!
* * * LOW HITPOINT WARNING * * *
The vampire is healed by the life force!
The vampire misses you. The vampire bites you.
* * * LOW HITPOINT WARNING * * *
The vampire draws strength from your injuries! 😱 HP[-12]
You take 12 damage, and now have 10/71 hp.
Aiming: Corrosive Bolt
Press: ? - help, Shift-Dir - straight line, f/p - vampire
Aim: a vampire (heavily damaged, slightly transparent, covered in acid, 71% to hit)
The bolt of acid hits the vampire!
The vampire seems to be corroded for longer.
The vampire draws life force from you!
You die...

Skill      XL: |  1  2  3  4  5  6  7  8  9 10 |
---------------+-------------------------------+-----
Fighting       | 4 |  4.3
Maces & Flails | 2 3 4 6 7 10 12 | 12.0
Dodging        | 4 5 |  5.5
Armour         | |  1.7
Unarmed Combat | |  2.6

Action                   |  1- 3 |  4- 6 |  7- 9 | 10-12 || total
-------------------------+-------+-------+-------+-------++-------
Melee: Unarmed           |    84 |       |       |       ||    84
       Punch             |     1 |     1 |    11 |     1 ||    14
       Whip              |    54 |    77 |   441 |    89 ||   661
Throw: Stone             |    17 |       |    52 |     9 ||    78
Invok: Berserk           |     4 |     4 |    12 |     3 ||    23
       Trog's Hand       |       |       |     1 |     1 ||     2
Evoke: Wand              |       |       |     3 |     4 ||     7
  Use: Scroll            |     6 |     3 |     5 |     2 ||    16
       Potion            |       |       |     4 |     3 ||     7
 Stab: Sleeping          |     2 |       |     2 |       ||     4
       Distracted        |       |       |     1 |       ||     1
Armor: Animal skin       |    21 |    12 |    52 |     2 ||    87
       Skin              |       |       |    13 |       ||    13
Dodge: Dodged            |    97 |    39 |   228 |    54 ||   418
Block: Other             |    12 |     7 |    35 |    16 ||    70

Levels and vault maps discovered:
D:1:      ldierk_water_garden, layout_loops_ring, serial_co_window_serial,
          co_window_paths_a, co_window_paths_a, co_window_of_opportunity_a,
          co_window_paths_a, co_window_of_opportunity_a,
          co_window_unsneaky_path_e, co_window_2corner, co_window_corner_b,
          co_window_cross_3, co_window_of_opportunity_b, co_window_broadway_c,
          co_window_of_opportunity_c, co_window_sun, co_window_paths_e,
          glass_columns_c, glass_columns_a, glass_columns_a
D:2:      layout_basic, basic_ecumenical_altar, serial_park_tiny_2,
          minmay_misc_feat_four_crosses, hangedman_decor_points
D:3:      layout_basic, makhleb_altar_promises_db, lemuel_blue_sif_altar,
          serial_shops, shop, nicolae_shop_hallway_plus,
          nicolae_shop_advertising_works [nicolae_subvault_shop_adworks],
          hangedman_decor_push, minmay_goblin_outpost
D:4:      layout_loops_ring, mainiacjoe_overflow_alcove_1,
          nicolae_hepliaklqana_monster_ancestors, enter_ossuary_5, uniq_duvessa,
          uniq_blork_the_orc
D:5:      layout_basic, serial_corexii_hall, corexii_hall_statues_i,
          corexii_hall_statues_u
D:6:      hellmonk_destroyed_diamonds, layout_gridville
D:7:      layout_loops_ring, minmay_temple_entry_crystal_x
D:8:      layout_basic, zin_scriptorium, chequers_serial_rivers_micro_a
D:9:      layout_loops_ring, gammafunk_temple_overflow_claw,
          gammafunk_ghost_ooze

Notes
Turn   | Place    | Note
-------+----------+-------------------------------------------
     0 | D:1      | spaghetti the Demonspawn Berserker began the quest for the
                  | Orb.
     0 | D:1      | Reached XP level 1. HP: 18/18 MP: 1/1
     0 | D:1      | magus.rc [v1.9.6]
   668 | D:1      | Gained mutation: You have a pair of small antennae on your
                  | head. [demonic ancestry]
   668 | D:1      | Reached XP level 2. HP: 23/24 MP: 2/2
  1491 | D:1      | You pick up a book of Minor Magic {forbidden} and begin
                  | reading...
  1491 | D:1      | You add the spells Magic Dart, Call Imp and Mephitic Cloud
                  | to your library.
  1613 | D:2      | Reached skill level 4 in Fighting
  1645 | D:2      | Identified the +2 cloak of Wu Jian, Cursing {Dex+3 SInv}
  1675 | D:2      | Gained mutation: A meltable shield of frost defends you.
                  | (SH +4) [demonic ancestry]
  1675 | D:2      | Reached XP level 3. HP: 13/30 MP: 3/3
  2147 | D:2      | Found a faded altar of an unknown god.
  2430 | D:2      | You pick up a book of Changes {forbidden} and begin
                  | reading...
  2430 | D:2      | You add the spells Beastly Appendage, Wereblood and Spider
                  | Form to your library.
  2471 | D:3      | Found Lytsel's Magic Scroll Shop.
  2749 | D:3      | Reached skill level 1 in Maces & Flails
  2889 | D:3      | Found Ususi's General Store.
  2901 | D:3      | Reached ** piety under Trog
  2979 | D:3      | Identified the +1 robe "Isiapi" {rC- Int+7 SInv}
  2981 | D:3      | Noticed a scorpion
  2985 | D:3      | Killed a scorpion
  2986 | D:3      | Reached skill level 2 in Maces & Flails
  2986 | D:3      | Gained mutation: You have a pair of antennae on your head.
                  | [demonic ancestry]
  2986 | D:3      | Reached XP level 4. HP: 34/38 MP: 4/4
  3079 | D:3      | Found Xiaf's Book Shoppe.
  3116 | D:3      | Found a burning altar of Makhleb.
  3116 | D:3      | Noticed a cacodemon
  3227 | D:3      | Reached skill level 3 in Maces & Flails
  3227 | D:3      | Gained mutation: You have an unusually large brain. (Int
                  | +2) [demonic ancestry]
  3227 | D:3      | Reached XP level 5. HP: 43/43 MP: 5/5
  3432 | D:3      | Found a shimmering blue altar of Sif Muna.
  3760 | D:4      | Noticed Duvessa
  3760 | D:4      | Noticed Dowan
  3766 | D:4      | Killed Duvessa
  3767 | D:4      | Reached skill level 4 in Maces & Flails
  3767 | D:4      | Gained mutation: You have a pair of large antennae on your
                  | head. (SInv) [demonic ancestry]
  3767 | D:4      | Reached XP level 6. HP: 49/49 MP: 6/6
  3767 | D:4      | Found a sand-covered staircase.
  3769 | D:4      | Killed Dowan
  3774 | Ossuary  | Entered an ossuary
  3923 | Ossuary  | Reached skill level 5 in Maces & Flails
  4128 | Ossuary  | Reached skill level 6 in Maces & Flails
  4128 | Ossuary  | Reached XP level 7. HP: 55/55 MP: 7/7
  4519 | Ossuary  | Reached skill level 7 in Maces & Flails
  4994 | Ossuary  | Reached XP level 8. HP: 61/61 MP: 8/8
  5005 | Ossuary  | Reached skill level 8 in Maces & Flails
  5435 | D:4      | Found an ornate altar of the Wu Jian Council.
  5593 | D:4      | Found a hazy altar of Hepliaklqana.
  5718 | D:4      | Noticed Blork the orc
  5725 | D:4      | Killed Blork the orc
  5755 | D:4      | Gained mutation: Your muscles are strong. (Str +2) [potion
                  | of mutation]
  6030 | D:5      | Entered Level 5 of the Dungeon
  6177 | D:5      | Reached skill level 9 in Maces & Flails
  7248 | D:6      | Reached skill level 10 in Maces & Flails
  7665 | D:6      | Reached XP level 9. HP: 63/66 MP: 9/9
  8559 | D:7      | Reached skill level 11 in Maces & Flails
  9059 | D:7      | Noticed a boulder beetle
  9080 | D:7      | Killed a boulder beetle
  9081 | D:7      | Reached skill level 12 in Maces & Flails
  9081 | D:7      | Reached skill level 3 in Dodging
  9255 | D:7      | Reached *** piety under Trog
  9289 | D:7      | You pick up a book of Dreams {forbidden} and begin
                  | reading...
  9289 | D:7      | You add the spells Ensorcelled Hibernation and Anguish to
                  | your library.
  9318 | D:7      | You fall into a shaft and drop 1 floor!
  9339 | D:8      | Reached skill level 4 in Dodging
  9390 | D:8      | Reached XP level 10. HP: 49/73 MP: 10/10
  9535 | D:8      | Reached skill level 5 in Dodging
  9753 | D:8      | You add the spells Ignite Poison and Freezing Cloud to your
                  | library.
  9902 | D:7      | Found a staircase to the Ecumenical Temple.
 10549 | D:9      | Identified a scroll of acquirement
 10549 | D:9      | Acquired a manual of Dodging
 10553 | D:9      | HP: 16/71 [vampire/vampiric draining (8)]
 10554 | D:9      | Killed from afar by a vampire

Vanquished Creatures
  A boulder beetle (D:7)
  A water moccasin (D:7)
  Duvessa (D:4)
  An ice beast (D:6)
  3 sky beasts
  A black bear (D:6)
  A kobold brigand (D:7)
  Blork the orc (D:4)
  5 bullfrogs
  A gnoll sergeant (D:8)
  A necrophage (D:8)
  11 scorpions
  8 wights
  Dowan (D:4)
  5 killer bees (D:8)
  2 centaur zombies (Ossuary)
  3 human zombies (Ossuary)
  2 orc priests
  2 hounds (D:5)
  3 jellies (D:6)
  2 gnoll shamans (D:8)
  5 iguanas
  3 scorpion zombies (Ossuary)
  2 orc wizards (D:7)
  3 mummies (Ossuary)
  17 gnolls
  8 adders
  2 shadow imps (D:6)
  21 orcs
  4 endoplasms
  A gnoll zombie (Ossuary)
  13 goblins
  7 hobgoblins
  4 jackals
  11 kobolds
  3 quokkas
  7 ball pythons
  4 bats
  3 frilled lizards
  2 goblin zombies (Ossuary)
  3 hobgoblin zombies (Ossuary)
  2 kobold zombies (Ossuary)
  3 orc zombies (Ossuary)
  4 rats
  A spectral orc (D:4)
189 creatures vanquished.

Vanquished Creatures (collateral kills)
  A hound (D:5)
1 creature vanquished.

Vanquished Creatures (others)
  4 toadstools (D:1)
4 creatures vanquished.

Grand Total: 194 creatures vanquished

Table legend:
 A = Non-vault XP
 B = Vault XP
 C = Vault XP percentage of total XP
 D = Non-vault monster count
 E = Vault monster count
 F = Vault count percentage of total count
                 A         B        C        D         E       F
            +---------+---------+-------+---------+---------+-------
      Total |    4723 |    1361 |  22.4 |     151 |      39 |  20.5
            +---------+---------+-------+---------+---------+-------
        D:1 |      28 |       0 |   0.0 |      18 |       0 |   0.0
        D:2 |      29 |       0 |   0.0 |      12 |       0 |   0.0
        D:3 |     212 |       7 |   3.2 |      20 |       4 |  16.7
        D:4 |     251 |     311 |  55.3 |      20 |       5 |  20.0
        D:5 |     689 |       0 |   0.0 |      15 |       0 |   0.0
        D:6 |     798 |       0 |   0.0 |      17 |       0 |   0.0
        D:7 |    1616 |       0 |   0.0 |      22 |       0 |   0.0
        D:8 |    1100 |       0 |   0.0 |      27 |       0 |   0.0
    Ossuary |       0 |    1043 | 100.0 |       0 |      30 | 100.0
            +---------+---------+-------+---------+---------+-------

Illustrated notes

Table legend:
 A = Kills in this place as a percentage of kills in entire the game.
 B = Kills by you in this place as a percentage of kills by you in the entire game.
 C = Kills by friends in this place as a percentage of kills by friends in the entire game.
 D = Other kills in this place as a percentage of other kills in the entire game.
 E = Experience gained in this place as a percentage of experience gained in the entire game.
 F = Experience gained in this place divided by the number of levels of this place that you have seen.
                   A       B       C       D       E      F
               +-------+-------+-------+-------+-------+----------------------
         Total | 100.0 | 100.0 | 100.0 |   N/A | 100.0 | 608.4
       Dungeon |  84.2 |  84.1 | 100.0 |   N/A |  82.9 | 560.1
       Ossuary |  15.8 |  15.9 |   0.0 |   N/A |  17.1 | 1043.0
               +-------+-------+-------+-------+-------+----------------------

Table legend: (Time is in decaauts)
 A = Elapsed time spent in this place.
 B = Non-inter-level travel time spent in this place.
 C = Inter-level travel time spent in this place.
 D = Time resting spent in this place.
 E = Time spent auto-exploring this place.
 F = Levels seen in this place.
 G = Mean time per level.
                   A        B        C        D        E       F      G
               +--------+--------+--------+--------+--------+-----+--------+
         Total |  10561 |  10394 |    167 |   2611 |   6137 |  10 | 1056.1 |
       Dungeon |   9181 |   9014 |    167 |   1892 |   5794 |   9 | 1020.1 |
       Ossuary |   1380 |   1380 |      0 |    719 |    343 |   1 | 1380.0 |
               +--------+--------+--------+--------+--------+-----+--------+

Top non-repeatable levels by time:
     D:1: 1577 daAuts
     D:6: 1398 daAuts
 Ossuary: 1380 daAuts
     D:3: 1315 daAuts
     D:5: 1214 daAuts
     D:7: 944 daAuts
     D:4: 924 daAuts
     D:2: 917 daAuts
     D:8: 847 daAuts
     D:9: 42 daAuts
